Map: Dusk Towers

Players

Neat

  • Race: Terran Terran
  • League: Diamond

ILLBdA - Winner!

  • Race: Protoss Protoss
  • League: Diamond

VOD

Have the link to the VOD?

Description

Time

  • Played on: Dec. 13, 2015, 2:44 a.m.
  • Length: 6:15
Show
View Real Time Build Order
Export as new Build Order

Neat Terran 

Build Orders: Cyclone Opening 

Get SALT Encoding   

  12  0:00  SCV  
  13  0:13  SCV  
  14  0:17  Supply Depot  
  14  0:25  SCV  
  15  0:39  SCV  
  15  0:41  Barracks  
  16  0:44  Refinery  
  16  0:51  SCV  
  17  1:03  SCV  
  18  1:17  SCV  
  19  1:29  Orbital Command  
  19  1:30  Marine  
  20  1:46  Factory  
  20  1:47  Marine  
  21  1:54  SCV  
  21  1:55  Supply Depot  
  21  2:01  Refinery  
  22  2:06  Barracks Tech Lab  
  22  2:13  SCV  
  23  2:29  Command Center  
  23  2:31  Marine  
  24  2:38  SCV, Cyclone  
  24  2:42  Supply Depot  
  28  2:49  Marine  
  28  3:01  Supply Depot  
  28  3:04  SCV  
  27  3:08  Starport  
  26  3:19  Siege Tank  
  29  3:20  Supply Depot  
  29  3:22  Marine  
  30  3:41  Marine  
  30  3:46  Medivac  
  32  3:58  Marine  
  32  4:00  SCV  
  32  4:02  Orbital Command  
  34  4:15  Widow Mine  
  34  4:16  Marine  
  37  4:34  Marine  
  37  4:44  Siege Tank  
  37  4:52  Marine  
  37  4:55  SCV  
  37  4:56  SCV, Medivac  
  42  5:07  SCV  
  42  5:08  SCV  
  42  5:09  Barracks  
  42  5:10  Supply Depot, Barracks  
  42  5:13  Marine  
  45  5:27  SCV  
  45  5:28  Supply Depot  
  46  5:31  SCV, Siege Tank  
  50  5:41  Marine  
  47  5:44  SCV  
  47  5:45  SCV  
Show
View Real Time Build Order
Export as new Build Order

ILLBdA Protoss - Winner!

Build Orders: Mass Adepts 

Get SALT Encoding   

  12  0:01  Probe (Chrono Boost)  
  13  0:11  Probe (Chrono Boost)  
  14  0:19  Pylon  
  14  0:22  Probe (Chrono Boost)  
  15  0:37  Probe (Chrono Boost)  
  15  0:38  Gateway  
  16  0:48  Probe (Chrono Boost)  
  16  0:49  Assimilator  
  17  0:54  Assimilator  
  17  0:58  Probe (Chrono Boost)  
  18  1:09  Probe (Chrono Boost)  
  19  1:18  Pylon  
  19  1:19  Probe (Chrono Boost)  
  20  1:26  Cybernetics Core  
  20  1:30  Probe (Chrono Boost)  
  21  1:38  Gateway  
  21  1:46  Gateway  
  21  1:49  Probe (Chrono Boost)  
  22  2:02  Mothership Core (Chrono Boost)  
  22  2:03  Adept (Chrono Boost)  
  26  2:13  Warp Gate  
  26  2:26  Adept (Chrono Boost)  
  30  2:30  Adept (Chrono Boost)  
  30  2:35  Pylon  
  30  2:47  Pylon  
  30  2:48  Pylon  
  30  2:54  Adept (Chrono Boost)  
  30  2:57  Adept (Chrono Boost)  
  34  3:19  Adept (Chrono Boost)  
  38  3:27  Adept (Chrono Boost)  
  34  3:38  Adept (Chrono Boost)  
  34  4:07  Pylon  
  34  4:13  Robotics Facility  
  34  4:15  Adept  
  32  4:18  Adept x2  
  28  4:52  Adept x3  
  28  5:00  Immortal (Chrono Boost)  
  28  5:04  Mothership Core  
  34  5:12  Adept x3  
  40  5:16  Pylon  
  40  5:32  Adept x2  
  40  5:35  Observer (Chrono Boost)  
  45  6:00  Adept x3  
Tags
 
Composition
Mass Adepts
Matchup
PvT
Replay Pack
me
Add a new tag
Caveats
  • Supply blocks, unpowered buildings, or Contaminate may cause inaccurate times.
  • Supply counts are checked every 10 seconds.